 Dungeon Crawl Stone Soup version 0.25-a0-340-ga1faa1601d (webtiles) character file.

Game seed: 1161730849248426980, levelgen mode: classic

6734 Borgoz the Carver (level 11, -1/71 HPs)
             Began as a Gargoyle Fighter on Dec 29, 2019.
             Was a Believer of Ashenzari.
             Killed by refrigeration
             ... invoked by Fannar
              (19 damage)
             ... on level 11 of the Dungeon.
             The game lasted 00:13:01 (10789 turns).

Borgoz the Carver (Gargoyle Fighter)               Turns: 10789, Time: 00:13:02

Health: -1/71      AC: 19    Str: 20    XL:     11   Next: 4%
Magic:  11/11      EV:  9    Int: 10    God:    Ashenzari [**....]
Gold:   410        SH: 10    Dex: 11    Spells: 10/10 levels left

rFire    . . .     SeeInvis .   a - +3 scimitar
rCold    . . .     Gourm    .   c - +0 shield
rNeg     + . .     Faith    .   b - +0 scale mail
rPois    ∞         Spirit   .   (no helmet)
rElec    +         Reflect  .   F - +0 cloak
rCorr    .         Harm     .   (no gloves)
MR       .....                  m - +0 pair of boots
Stlth    ..........             E - amulet of the acrobat
HPRegen  0.21/turn              (no ring)
MPRegen  0.12/turn              (no ring)

@: no status effects
A: negative energy resistance 1, electricity resistance, unbreathing,
petrification resistance, rot immunity, AC +8
a: Curse Item, Scrying, Renounce Religion


You were on level 11 of the Dungeon.
You worshipped Ashenzari.
Ashenzari was pleased with you.
You were hungry.

You visited 2 branches of the dungeon, and saw 12 of its levels.
You also visited: Sewer.

You collected 578 gold pieces.
You spent 168 gold pieces at shops.

Inventory:

Hand Weapons
 a - a +3 scimitar (weapon)
 i - a +2 falchion of protection
 v - a +2 falchion of freezing
 x - a +0 great sword
Armour
 b - a +0 scale mail (worn)
 c - a +0 shield (worn)
 m - a +0 pair of boots (worn)
 F - a +0 cloak (worn)
Jewellery
 E - an amulet of the acrobat (around neck)
Wands
 l - a wand of digging (8)
 s - a wand of acid (15)
 B - a wand of disintegration (22)
 D - a wand of iceblast (6)
Scrolls
 d - 5 scrolls of blinking
 g - a scroll of amnesia {unknown}
 h - 8 scrolls of teleportation
 j - 2 scrolls of fear {unknown}
 p - a scroll of magic mapping
 q - 3 scrolls of remove curse
 y - 2 scrolls of enchant weapon {unknown}
 C - a scroll of random uselessness {unknown}
 G - a scroll of vulnerability {unknown}
Potions
 e - a potion of magic
 k - a potion of heal wounds
 n - 4 potions of haste
 o - 5 potions of flight
 r - 2 potions of lignification
 t - 2 potions of curing
 u - a potion of mutation {unknown}
 w - a potion of cancellation
 z - a potion of resistance
 H - a potion of might
Comestibles
 f - 16 rations


   Skills:
 + Level 9.1 Fighting
 * Level 10.2 Long Blades
 + Level 9.1 Armour
 + Level 3.7 Dodging
 - Level 5.0 Shields


You had 10 spell levels left.
You didn't know any spells.
Your spell library was empty.

Dungeon Overview and Level Annotations

Branches:
Dungeon (11/15)            Temple (1/1) D:6            Lair (0/6) D:9
    Orc (0/2) D:10          Sewer (visited)

Altars:
Ashenzari
Cheibriados
Dithmenos
Elyvilon
Fedhas
Gozag
Hepliaklqana
Kikubaaqudgha
Makhleb
Nemelex Xobeh
Okawaru
Qazlal
Ru
Sif Muna
Trog
Uskayaw
Vehumet
Wu Jian
Xom
Yredelemnul
Zin
The Shining One

Shops:
D:4 (

Annotations:
D:9 1 runed translucent door, Borgoz's ghost, novice GrBe
D:11 Fannar


Innate Abilities, Weirdness & Mutations

You are resistant to torment.
Your stone body is resilient. (AC +8)
You are immune to poison.
You resist negative energy. (rN+)
You are resistant to electric shocks. (rElec)
You can survive without breathing.
You are immune to petrification.
You are immune to rotting.


Message History

You feel very cold.
* * * LOW HITPOINT WARNING * * *
Fannar is frozen.
Fannar resists.
The ice beast hits you but does no damage.
You slice the ice beast!!
You kill the ice beast!
You slash Fannar!
Fannar is lightly wounded.
Fannar closely misses you.
You hit Fannar but do no damage.
Fannar is lightly wounded.
Fannar closely misses you.
You closely miss Fannar.
Fannar is lightly wounded.
You miss Fannar.
Fannar is lightly wounded.
Fannar gestures wildly while chanting.
Fannar drains the heat from the surrounding environment!
You feel very cold.
You die...

# #.#.# * # #.... ##. #.# *,
, #*#..#. (... ... * ##.# ,
,*...,... ,, .(## *, ..# #.#*
,, ##.#.# , *# #.# #.# * #
.....#, ** #.#.# #.# .##.# *
####...#.###.#.###Y###?.>...,
# .###.......@e.......... # .
.###.#.###.###.###.# *
#######.# #.......# ,# ,
........# ###.###.# , *
######### #.# #.# * * ,
......########.# #.# * ,
####...........# ###
...........#####** *
#####.####.# * , ,


You could see Fannar and an ice beast.

Vanquished Creatures
  A two-headed ogre (D:9)
  A centaur zombie (D:10)
  Maurice (D:9)
  2 hornets
  A spriggan (D:7)
  5 yaks (D:9)
  2 wargs (D:9)
  A water moccasin (D:7)
  4 orc warriors
  A necrophage (D:9)
  3 ice beasts
  2 sky beasts
  A black bear (D:8)
  An ogre (D:8)
  A phantom (D:8)
  4 centaurs
  A hornet zombie (D:9)
  3 big kobolds (Sewer)
  3 bullfrogs
  3 scorpions
  3 killer bees (D:9)
  3 howler monkeys
  5 wights (D:7)
  A crimson imp (D:9)
  A bullfrog skeleton (D:11)
  7 orc priests
  2 hounds
  6 worker ants
  An iguana (D:7)
  11 orc wizards
  A killer bee zombie (D:6)
  2 hound skeletons
  12 gnolls
  10 adders
  A river rat (Sewer)
  A shadow imp (D:7)
  3 oozes
  An adder skeleton (D:4)
  3 worms
  A dart slug (D:1)
  10 leopard geckos
  29 orcs
  5 ball pythons
  6 giant cockroaches
  9 goblins
  2 hobgoblins
  5 jackals
  11 kobolds
  6 quokkas
  6 bats
  A frilled lizard (D:1)
  A jackal skeleton (D:4)
  2 leopard gecko skeletons
  A leopard gecko zombie (D:8)
  13 rats
223 creatures vanquished.

Notes
Turn   | Place    | Note
-------+----------+-------------------------------------------
     0 | D:1      | Borgoz the Gargoyle Fighter began the quest for the Orb.
     0 | D:1      | Reached XP level 1. HP: 14/14 MP: 1/1
   104 | D:1      | Reached skill level 2 in Long Blades
   104 | D:1      | Reached XP level 2. HP: 19/19 MP: 2/2
   564 | D:1      | Reached XP level 3. HP: 23/23 MP: 3/3
   969 | D:1      | Reached XP level 4. HP: 12/29 MP: 4/4
  1216 | D:2      | Found an iron altar of Okawaru.
  1406 | D:2      | Reached skill level 3 in Long Blades
  1514 | D:2      | Found an ornate altar of the Wu Jian Council.
  1624 | D:2      | Reached XP level 5. HP: 32/33 MP: 5/5
  2288 | D:3      | You fall into a shaft and drop 2 floors!
  2288 | D:5      | Entered Level 5 of the Dungeon
  2297 | D:5      | Found a glowing drain.
  2340 | Sewer    | Entered a sewer
  2775 | Sewer    | Noticed a big kobold
  2796 | Sewer    | Killed a big kobold
  2796 | Sewer    | Reached XP level 6. HP: 32/39 MP: 6/6
  2910 | Sewer    | Reached skill level 4 in Long Blades
  2980 | D:5      | Found a glowing silver altar of Zin.
  3023 | D:5      | Reached XP level 7. HP: 36/44 MP: 7/7
  3390 | D:5      | Reached skill level 5 in Fighting
  3390 | D:5      | Reached skill level 5 in Armour
  3390 | D:5      | Reached skill level 5 in Shields
  3476 | D:5      | Reached skill level 5 in Long Blades
  3686 | D:5      | Found a sacrificial altar of Ru.
  3772 | D:5      | Found a stormy altar of Qazlal.
  3773 | D:5      | Noticed a fire elemental
  3773 | D:5      | Noticed an air elemental
  3773 | D:5      | Noticed a water elemental
  3997 | D:4      | Reached XP level 8. HP: 32/50 MP: 8/8
  4151 | D:4      | Found Ciahungu's Antique Weapon Shoppe.
  4154 | D:4      | Bought a glowing falchion for 168 gold pieces
  4583 | D:3      | Found a shattered altar of Ashenzari.
  4606 | D:3      | Became a worshipper of Ashenzari the Shackled
  5275 | D:6      | Reached skill level 6 in Long Blades
  6088 | D:6      | Found a staircase to the Ecumenical Temple.
  6171 | D:6      | Reached * piety under Ashenzari
  6205 | D:6      | Found a burning altar of Makhleb.
  6256 | Temple   | Entered the Ecumenical Temple
  6931 | D:7      | Reached skill level 7 in Long Blades
  6931 | D:7      | Reached XP level 9. HP: 56/56 MP: 9/9
  7816 | D:7      | Found a bloodstained altar of Trog.
  8386 | D:8      | Found a shadowy altar of Dithmenos.
  8469 | D:8      | Reached skill level 8 in Long Blades
  8840 | D:8      | Found a shimmering blue altar of Sif Muna.
  9059 | D:9      | Reached skill level 1 in Dodging
  9082 | D:9      | Reached XP level 10. HP: 51/64 MP: 10/10
  9164 | D:9      | Reached skill level 9 in Long Blades
  9249 | D:9      | Found a staircase to the Lair.
  9566 | D:9      | Found a hazy altar of Hepliaklqana.
  9691 | D:9      | Noticed Maurice
  9700 | D:9      | Killed Maurice
  9701 | D:9      | Reached ** piety under Ashenzari
 10112 | D:9      | Found a runed translucent door.
 10161 | D:9      | Noticed a two-headed ogre
 10170 | D:9      | Killed a two-headed ogre
 10412 | D:9      | Found an ancient bone altar of Kikubaaqudgha.
 10481 | D:9      | Noticed Borgoz's ghost (novice GrBe)
 10568 | D:10     | Entered Level 10 of the Dungeon
 10583 | D:10     | Found a staircase to the Orcish Mines.
 10594 | D:10     | Reached skill level 10 in Long Blades
 10615 | D:10     | Noticed a two-headed ogre
 10662 | D:11     | Noticed a gargoyle
 10740 | D:11     | Reached XP level 11. HP: 22/71 MP: 11/11
 10766 | D:11     | Noticed Fannar
 10789 | D:11     | Killed from afar by Fannar

Levels and vault maps discovered:
D:1:      shiori_arrival_maze, layout_loops_corners
D:2:      layout_basic, old_standard_altar, okawaru_metal_pillars_1_2
D:3:      layout_basic, evilmike_ruin_ashenzari
D:4:      layout_gridville, serial_shops, shop
D:5:      layout_basic, zin_academy, nicolae_qazlal_style_of_elements,
          nicolae_ru_great_annihilating_truth, portal_sewer_entry_f,
          first_ration
D:6:      layout_cave_pools, overflow_temple_1_default,
          minmay_temple_entry_nine_rooms, serial_rivers,
          chequers_serial_rivers_room_b, chequers_serial_rivers_marsh,
          chequers_serial_rivers_room_b, chequers_serial_rivers_room_a,
          chequers_serial_rivers_room_a
D:7:      layout_loops_ring, nicolae_overflow_hidden_temple, the_bakery
D:8:      layout_basic, lemuel_blue_sif_altar, lemuel_crystal_altar
D:9:      layout_loops_corners, lemuel_coloured_pillars_altar,
          old_standard_altar, erik_lair_orcish_takeover,
          ebering_ghost_inner_flame, uniq_maurice
D:10:     layout_rooms, orc_0_dummy, due_unseen_surprise
D:11:     regret_index_harrowing_hell_hive, layout_loops_ring,
          portal_ice_cave_entry_animals_and_master,
          fedhas_bush_and_centaur_altar, uniq_nergalle, uniq_fannar, uniq_snorg
Temple:   minmay_temple_curvy_loop

Skill      XL: |  1  2  3  4  5  6  7  8  9 10 |
---------------+-------------------------------+-----
Long Blades    | 2 3 4 5 7 8 10 | 10.2
Fighting       | 4 5 6 7 9 |  9.1
Armour         | 4 5 6 7 9 |  9.1
Shields        | 4 5 |  5.0
Dodging        | 1 3 |  3.7

Action                   |  1- 3 |  4- 6 |  7- 9 | 10-12 || total
-------------------------+-------+-------+-------+-------++-------
Melee: Long sword        |    87 |   256 |   154 |       ||   497
       Falchion          |       |       |   293 |       ||   293
       Scimitar          |       |       |   147 |   240 ||   387
Evoke: Wand              |       |       |       |     2 ||     2
  Use: Scroll            |       |     2 |     8 |     3 ||    13
       Potion            |       |     2 |     3 |     2 ||     7
 Stab: Paralysed         |       |       |     1 |       ||     1
  Eat: Chunk             |       |     7 |    16 |     7 ||    30
       Ration            |       |       |     1 |       ||     1
Armor: Scale mail        |    61 |   147 |   303 |    87 ||   598
Dodge: Dodged            |    26 |    76 |   143 |    77 ||   322
Block: Shield            |    58 |   142 |   258 |    93 ||   551
       Rpst.: Long sword |    12 |    21 |     8 |       ||    41
       Falchion          |       |       |    23 |       ||    23
       Scimitar          |       |       |    13 |    28 ||    41

Table legend:
 A = Non-vault XP
 B = Vault XP
 C = Vault XP percentage of total XP
 D = Non-vault monster count
 E = Vault monster count
 F = Vault count percentage of total count
                 A         B        C        D         E       F
            +---------+---------+-------+---------+---------+-------
      Total |    7863 |    1758 |  18.3 |     181 |      42 |  18.8
            +---------+---------+-------+---------+---------+-------
        D:1 |      93 |       4 |   4.1 |      21 |       2 |   8.7
        D:2 |     122 |       0 |   0.0 |      20 |       0 |   0.0
        D:3 |      69 |       0 |   0.0 |      19 |       0 |   0.0
        D:4 |     148 |       0 |   0.0 |      13 |       0 |   0.0
        D:5 |     531 |      66 |  11.1 |      14 |       9 |  39.1
        D:6 |     896 |       0 |   0.0 |      19 |       0 |   0.0
        D:7 |     636 |     215 |  25.3 |      15 |       1 |   6.2
        D:8 |     752 |       0 |   0.0 |      20 |       0 |   0.0
        D:9 |    3375 |    1122 |  24.9 |      28 |      10 |  26.3
       D:10 |     650 |       0 |   0.0 |       3 |       0 |   0.0
       D:11 |     591 |       0 |   0.0 |       9 |       0 |   0.0
      Sewer |       0 |     351 | 100.0 |       0 |      20 | 100.0
            +---------+---------+-------+---------+---------+-------
